 Dungeon Crawl Stone Soup version 0.18-a0-1354-gbc5753f (webtiles) character file.

28 sugabear the Insei (level 3, -2/26 HPs)
             Began as a Demonspawn Transmuter on Feb 19, 2016.
             Slain by a goblin
             ... wielding a +0 club
              (3 damage)
             ... on level 2 of the Dungeon.
             The game lasted 00:01:27 (1139 turns).

sugabear the Insei (Demonspawn Transmuter)          Turns: 1139, Time: 00:01:27

Health: -2/26      AC:  2    Str: 10    XL:     3   Next: 0%
Magic:  3/6        EV: 12    Int: 15    God:
Gold:   75         SH:  0    Dex: 13    Spells: 1 memorised, 5 levels left

rFire  . . .     SeeInvis .       - Unarmed
rCold  . . .     Gourm    .     b - +0 robe
rNeg   . . .     Faith    .     (no shield)
rPois  .         Spirit   .     (no helmet)
rElec  .         Dismiss  .     (no cloak)
rCorr  .         Reflect  .     (no gloves)
SustAt .         Harm     .     (no boots)
MR     .....                    (no amulet)
Stlth  +.........               (no ring)
                                (no ring)

@: appendage, not resistant to hostile enchantments, very unstealthy
A: horns 2, powered by pain 2
a: End Transformation


You were on level 2 of the Dungeon.
You were not hungry.
You had grown temporary horns.
You visited 1 branch of the dungeon, and saw 2 of its levels.

You collected 75 gold pieces.

Inventory:

Missiles
 a - 12 arrows
 k - 3 tomahawks (quivered)
Armour
 b - a +0 robe (worn)
Scrolls
 f - 2 scrolls of fog {unknown}
 g - a scroll of random uselessness {unknown}
 i - a scroll of remove curse {unknown}
 l - a scroll of magic mapping {unknown}
 m - a scroll of amnesia {unknown}
Potions
 e - a potion of flight {unknown}
 h - a potion of beneficial mutation {unknown}
 j - a potion of might {unknown}
 p - a potion of lignification {unknown}
Books
 c - a book of Changes

   Spells                             Type                      Level
   a - Beastly Appendage              Transmutation                1
   b - Sticks to Snakes               Transmutation                2
   c - Spider Form                    Transmutation/Poison         3
   d - Ice Form                       Ice/Transmutation            4
   e - Blade Hands                    Transmutation                5
Comestibles
 d - a bread ration
 n - a chunk of flesh
 o - a meat ration


   Skills:
 + Level 1.3 Fighting
 + Level 2.2 Dodging
 + Level 3.1 Unarmed Combat
 + Level 2.1 Spellcasting
 + Level 2.0 Transmutations


You had 5 spell levels left.
You knew the following spells:

 Your Spells              Type           Power        Failure   Level  Hunger
a - Beastly Appendage     Trmt           #.....       12%         1    #......


Dungeon Overview and Level Annotations

Branches:
Dungeon (2/15)

Altars:


Innate Abilities, Weirdness & Mutations

You sometimes gain power by taking damage.
You have a pair of horns on your head.


Message History

You kill the ball python!
You have reached level 3!
Your experience leads to an increase in your attributes!
Increase (S)trength, (I)ntelligence, or (D)exterity?
You feel clever.
Your demonic ancestry asserts itself...
You feel even more energised by your suffering.
Your transformation is almost over.
Casting: Beastly Appendage
Confirm with . or Enter, or press ? or * to list all spells.
You extend your transformation's duration.
The goblin hits you but does no damage.
You hit the goblin.
The goblin is severely wounded.
The goblin hits you with a club.
* * * LOW HITPOINT WARNING * * *
Unknown command.
You barely miss the goblin. Your headbutt misses the goblin.
The goblin is severely wounded.
The goblin hits you with a club.
You die...

########### #########
#......))..
........##############.#........
...............@ggw..........###
######.#####.#######....###.#
#.# #.# #..#....... ###.#####.#
#..#####.... #.........# #..#
#..## #..#####.## #..# #..# #..#
#.## ###... #..# #..# #...##
##.# #..# #.#


You could see a worm, a hobgoblin and a goblin.

Vanquished Creatures
  2 giant geckos (D:1)
  3 bats
  3 goblins (D:1)
  5 hobgoblins
  A ball python (D:2)
  A giant newt (D:2)
  5 kobolds (D:1)
  5 rats (D:1)
25 creatures vanquished.

Notes
Turn   | Place    | Note
--------------------------------------------------------------
     0 | D:1      | sugabear the Demonspawn Transmuter began the quest for the Orb.
     0 | D:1      | Reached XP level 1. HP: 15/15 MP: 3/3
   263 | D:1      | Gained mutation: You sometimes gain a little power by taking damage. [demonic ancestry]
   263 | D:1      | Reached XP level 2. HP: 11/21 MP: 3/5
   614 | D:1      | Reached skill level 3 in Unarmed Combat
  1134 | D:2      | Gained mutation: You sometimes gain power by taking damage. [demonic ancestry]
  1134 | D:2      | Reached XP level 3. HP: 2/26 MP: 4/6
  1138 | D:2      | HP: 1/26 [goblin/club (2)]
  1139 | D:2      | Slain by a goblin

Vault maps used:
D:1:      lightli_arrival_lavapool, st_stairs_4
D:2:      lemuel_doored_altar, nicolae_qazlal_style_of_elements

Action                   || total
-------------------------++-------
Melee: Unarmed           ||    83
 Cast: Beastly Appendage ||    16
 Stab: Sleeping          ||     2
  Eat: Chunk             ||     1
